Match 38914300
Unlisted

Match 38914300
End
Royal Engineer Section
Selects Australian Defense Battlegroup
Selects Australian Light Infantry Section
Australian Light Infantry Section
Australian Light Infantry Section
Construct Section Command Post
Infantry Section
Infantry Section
Construct Platoon Command Post
Humber Armored Car
Selects 2-pounder Anti-tank Gun Team
Humber Armored Car
Construct Field Infirmary
Infantry Section
Selects CMP 15cwt Supply Run
Vickers Machine Gun Team
Construct Company Command Post
Crusader II Medium Tank
Crusader II Medium Tank
Crusader II Medium Tank
Crusader II Medium Tank
Foot Guards Section
Armored Vehicle Training
Crusader II Medium Tank
Crusader II Medium Tank
Infantry Training
Crusader II Medium Tank
Unlock Bishop Self-propelled Artillery
Bishop Self-propelled Artillery
Crusader II Medium Tank
Crusader II Medium Tank
Vickers Machine Gun Team
Crusader II Medium Tank
BIOHAZARD
Sauzer88
Jenasaie
Grover the Trash Hermit
0
0

Comments sign in to comment!

No comments posted yet!